cohdb
Replays
Latest Replays
All Replays
Popular Replays
Top Player Replays
Match Explorer
How It Works
Community
CoH3 Stats
Reddit
Sign in to upload your games and track your stats! →
Sign in with Steam
Match 38097548
Unlisted
Match 38097548
Overview
Messages
Build Orders
End
Construct Infanterie Kompanie
Selects Luftwaffe Battlegroup
Selects Luftwaffe Pioneer Support
Fallschirmpioneer Squad Paradrop
GrW 34 Mortar Team
Fallschirmpioneer Squad Paradrop
MG 42 Machine Gun Team
Construct Luftwaffe Kompanie
Fallschirmpioneer Squad Paradrop
221 Scout Car
Construct Panzer Kompanie
Jäger Squad
Sturmpanzer IV Brummbär
Selects Stuka Strafing Run
Selects Fallschirmjäger Squad Paradrop
Selects Stuka Loiter
Jäger Squad
Selects Flak 38 Anti-Air Emplacement
Panzer IV Medium Tank
Selects Flak 36 Anti-tank Gun Emplacement
Side Skirts
Medical Bunker
Panzer Officer Quarters
Stuka Strafing Run
Stuka Loiter
l The Hero l
Thrusher
DemocracyPerSecond
Koof
ultimatron
河马先生
0
0
Comments
sign in to comment!
No comments posted yet!